Map: Whispers of Gold

Players

Hoindroikois - Winner!

  • Race: Zerg Zerg
  • League: Gold
  • Spawn Location: 5:00

Gintoki

  • Race: Zerg Zerg
  • Spawn Location: 9:00

VOD

Have the link to the VOD?

Description

Time

  • Played on: April 19, 2025, 5:24 p.m.
  • Length: 15:12
Show
View Real Time Build Order
Export as new Build Order

Hoindroikois Zerg - Winner!

Build Orders: Hatch First 

Get SALT Encoding   

  12  0:01  Drone  
  13  0:12  Overlord  
  13  0:17  Drone  
  14  0:30  Drone  
  14  0:31  Drone  
  16  0:48  Hatchery  
  15  0:51  Drone  
  15  0:55  Drone  
  17  0:59  Extractor  
  17  1:01  Drone  
  17  1:16  Spawning Pool  
  16  1:19  Drone  
  16  1:22  Drone  
  18  1:28  Drone  
  19  1:39  Overlord  
  19  2:02  Queen  
  19  2:03  Queen  
  19  2:04  Zergling x2  
  19  2:05  Zergling x2  
  19  2:06  Zergling x2  
  26  2:11  Zergling x2  
  26  2:12  Zergling x2  
  28  2:20  Metabolic Boost  
  28  2:31  Zergling x4  
  30  2:44  Zergling x6  
  30  2:45  Zergling x2  
  30  2:51  Queen  
  36  2:58  Overlord  
  36  3:04  Overlord  
  36  3:14  Overlord  
  36  3:23  Drone x2  
  38  3:38  Drone x5  
  38  3:39  Drone  
  36  3:59  Drone  
  36  4:00  Roach Warren  
  36  4:01  Lair  
  33  4:06  Spine Crawler  
  33  4:08  Spine Crawler  
  31  4:14  Drone x2  
  33  4:21  Zergling x6  
  36  4:32  Zergling x10  
  41  4:41  Drone x3  
  41  4:43  Drone  
  45  4:54  Drone  
  45  4:55  Extractor  
  45  4:57  Drone x3  
  45  4:58  Drone  
  49  5:00  Overlord  
  49  5:13  Drone  
  49  5:14  Drone x2  
  52  5:20  Roach x4  
  60  5:31  Roach  
  60  5:32  Roach x3  
  68  5:36  Glial Reconstitution  
  68  6:03  Overlord x4  
  68  6:04  Overlord x3  
  68  6:14  Evolution Chamber  
  68  6:16  Evolution Chamber  
  66  6:19  Extractor  
  66  6:21  Extractor  
  66  6:24  Drone x2  
  66  6:29  Roach x4  
  74  6:47  Zerg Ground Armor Level 1  
  74  6:48  Zerg Missile Weapons Level 1  
  74  6:51  Hatchery  
  73  6:56  Drone x4  
  73  6:57  Drone x2  
  71  7:49  Roach x4  
  71  7:50  Roach x5  
  89  8:07  Spire  
  89  8:09  Queen  
  89  8:10  Drone x4  
  94  8:18  Drone x4  
  98  8:22  Overlord, Extractor  
  97  8:28  Extractor  
  96  8:44  Ravager  
  96  8:45  Ravager x4  
  96  8:46  Roach  
  96  8:47  Roach x5  
  113  8:51  Overlord x2  
  113  8:52  Overlord  
  113  8:54  Overseer  
  113  8:58  Drone x3  
  113  8:59  Drone x3  
  113  9:02  Zerg Ground Armor Level 2  
  119  9:03  Zerg Missile Weapons Level 2  
  89  9:50  Mutalisk x7  
  89  9:51  Mutalisk  
  88  9:56  Roach  
  88  9:57  Roach x4  
  94  10:06  Zergling x2  
  94  10:07  Zergling x20  
  97  10:17  Roach x2  
  101  10:25  Roach x3  
  97  11:19  Mutalisk  
  97  11:20  Mutalisk x7  
  97  11:21  Mutalisk  
  97  11:24  Roach x5  
  97  11:25  Roach x5  
  135  11:28  Zergling x8  
  139  11:38  Zerg Flyer Armor Level 1  
  139  11:44  Infestation Pit  
  126  12:42  Roach  
  126  12:43  Roach x14  
  146  12:45  Overlord  
  146  12:46  Overlord x7  
  146  13:03  Overlord x4  
  146  13:04  Overlord x2  
  146  13:11  Hive  
  146  13:27  Roach  
  146  13:28  Roach x9  
  146  13:31  Hatchery  
  165  13:34  Ravager x3  
  165  13:35  Ravager x5  
  173  13:50  Mutalisk  
  173  13:51  Mutalisk x5  
  185  14:00  Extractor x2  
  183  14:05  Roach x5  
  183  14:06  Roach x3  
Show
View Real Time Build Order
Export as new Build Order

Gintoki Zerg 

Build Orders: Pool First 

Get SALT Encoding   

  12  0:00  Drone  
  13  0:08  Drone  
  14  0:17  Overlord  
  14  0:36  Drone x3  
  17  0:48  Spawning Pool  
  16  0:52  Drone, Extractor  
  16  0:58  Drone  
  17  1:08  Drone  
  18  1:22  Drone  
  18  1:24  Hatchery  
  18  1:29  Overlord  
  18  1:43  Queen  
  20  1:47  Zergling x2  
  20  1:52  Zergling x2  
  22  2:02  Drone  
  22  2:07  Metabolic Boost  
  23  2:14  Drone  
  24  2:23  Queen  
  26  2:33  Zergling x2  
  26  2:34  Baneling Nest  
  26  2:42  Queen  
  28  2:45  Drone  
  29  2:55  Drone  
  29  2:56  Drone x2  
  32  3:02  Overlord  
  32  3:17  Evolution Chamber x2  
  30  3:22  Roach Warren  
  29  3:29  Drone x2  
  29  3:30  Drone  
  29  3:33  Baneling x2  
  32  3:34  Baneling  
  32  3:36  Baneling  
  32  3:38  Baneling  
  32  3:41  Zergling x2  
  29  4:00  Zergling x8  
  35  4:02  Roach  
  35  4:05  Drone  
  36  4:17  Baneling x2  
  36  4:20  Roach  
  38  4:26  Drone  
  38  4:27  Drone x3, Extractor  
  41  4:46  Drone x2  
  41  4:47  Drone  
  44  4:53  Overlord x2  
  44  4:58  Lair  
  44  5:07  Baneling  
  44  5:14  Drone x4  
  45  5:16  Drone x3  
  45  5:17  Drone x4  
  45  5:20  Extractor  
  54  5:21  Extractor  
  51  5:50  Roach x2  
  51  5:51  Roach x2  
  58  6:03  Zerg Missile Weapons Level 1  
  57  6:11  Centrifugal Hooks  
  57  6:17  Drone x2  
  59  6:20  Overlord x3  
  59  6:36  Zerg Ground Armor Level 1  
  59  6:38  Roach x4  
  67  6:40  Hatchery  
  66  6:47  Roach x3  
  66  6:48  Roach  
  66  6:49  Zergling x6  
  66  6:50  Zergling x2  
  78  6:59  Hydralisk Den  
  77  7:11  Roach x3  
  81  7:26  Roach  
  81  7:27  Overlord  
  81  7:28  Overlord x2  
  79  7:48  Roach  
  79  7:49  Roach x4, Hydralisk  
  79  7:50  Hydralisk x2  
  95  7:56  Queen  
  95  7:58  Drone  
  98  8:03  Zerg Missile Weapons Level 2  
  98  8:05  Glial Reconstitution  
  98  8:11  Infestation Pit  
  97  8:15  Drone x2  
  97  8:16  Drone x2  
  97  8:17  Drone x2  
  97  8:19  Roach x2  
  109  8:20  Roach  
  109  8:21  Overseer  
  109  8:32  Drone  
  110  8:42  Drone  
  110  8:43  Drone x2  
  110  8:44  Drone  
  114  9:03  Overlord  
  114  9:04  Overlord  
  114  9:08  Zerg Ground Armor Level 2  
  114  9:12  Hive  
  114  9:17  Overlord x2  
  114  9:18  Overlord x2, Extractor  
  114  9:20  Extractor  
  112  9:26  Zergling x10  
  112  9:27  Zergling x10  
  115  9:41  Roach  
  93  10:15  Queen  
  95  10:36  Drone x4  
  95  10:39  Hydralisk  
  95  10:40  Hydralisk x7  
  115  10:43  Spore Crawler x2  
  115  10:44  Spore Crawler  
  115  10:45  Spore Crawler  
  115  10:46  Hydralisk x4, Spore Crawler  
  115  10:47  Hydralisk x4  
  115  10:49  Spore Crawler  
  120  11:25  Spore Crawler  
  119  11:26  Spore Crawler  
  119  11:27  Spore Crawler  
  119  11:28  Drone, Spore Crawler  
  119  11:29  Drone  
  119  11:31  Queen  
  120  11:37  Ultralisk Cavern  
  120  11:38  Zerg Ground Armor Level 3  
  120  11:39  Zerg Melee Weapons Level 1  
  119  11:44  Roach  
  120  12:12  Hydralisk x5  
  120  12:14  Roach  
  127  12:19  Roach  
  127  12:20  Roach  
  128  12:48  Chitinous Plating  
  128  12:55  Overlord x2  
  128  12:56  Overlord x2  
  128  13:04  Drone x3  
  131  13:21  Hatchery  
  130  13:36  Overseer  
  130  13:38  Overseer  
  130  13:42  Overlord x2  
  130  13:45  Ultralisk  
  136  14:03  Spore Crawler  
  136  14:05  Spore Crawler  
  134  14:11  Anabolic Synthesis  
  134  14:14  Ultralisk  
Tags
 
League
Gold
Matchup
ZvZ
Race
Zerg
Spawn Locations
Cross Positions
Add a new tag
Caveats
  • Supply blocks, unpowered buildings, or Contaminate may cause inaccurate times.
  • Supply counts are checked every 10 seconds.